| TOP OF THE 1ST |
|
Indianapolis Indians batting - Pitching for Denver Bears : RHP Alex Vasquez
|
|
Pitching: RHP Alex Vasquez
|
|
|
Batting: SHB Julio Estrada
|
0-0: Ball 1-0: Swinging Strike 1-1: Ball 2-1: Swinging Strike 2-2: Ball 3-2: Foul Ball, location: 2F 3-2: Ground out 6-3 (Groundball, 6, EV 91.3 MPH)
|
|
Batting: LHB Roberto Ruiz
|
0-0: Swinging Strike 0-1: Foul Ball, location: 2F 0-2: Ball 1-2: Ball 2-2: Foul Ball, location: 2F 2-2: Ball 3-2: Ground out 6-3 (Groundball, 6, EV 99.4 MPH)
|
|
Batting: RHB Luis Gonzalez
|
0-0: Ball 1-0: Ground out 5-3 (Groundball, 56, EV 75.6 MPH)
|
| Top of the 1st over - 0 runs, 0 hits, 0 errors, 0 left on base; Indianapolis 0 - Denver 0 |
| BOTTOM OF THE 1ST |
|
Denver Bears batting - Pitching for Indianapolis Indians : RHP Ramon Beltran
|
|
Pitching: RHP Ramon Beltran
|
|
|
Batting: LHB Dallas Williams
|
0-0: Foul Ball, location: 2F 0-1: Ball 1-1: Ball 2-1: Called Strike 2-2: Fly out, F8 (Flyball, 8RM, EV 86.9 MPH)
|
|
Batting: LHB Tom Beyers
|
0-0: Ball 1-0: SINGLE (Groundball, 34D, EV 104.4 MPH)
|
|
Batting: RHB Kirby Puckett
|
0-0: Ball 1-0: Called Strike 1-1: Ball 2-1: SINGLE (Line Drive, 7S, EV 93.8 MPH) Tom Beyers to second
|
|
Batting: LHB Danny Heep
|
0-0: Ball 1-0: Swinging Strike 1-1: Ball 2-1: Grounds into double play, 4-6-3 (Groundball, 4, EV 85.0 MPH)
|
| Bottom of the 1st over - 0 runs, 2 hits, 0 errors, 1 left on base; Indianapolis 0 - Denver 0 |
| TOP OF THE 2ND |
|
Indianapolis Indians batting - Pitching for Denver Bears : RHP Alex Vasquez
|
|
Batting: LHB Scott Radloff
|
0-0: Called Strike 0-1: SINGLE (Line Drive, 7S, EV 96.9 MPH)
|
|
Batting: RHB Pat Rooney
|
0-0: Ball 1-0: Called Strike 1-1: Ball 2-1: Foul Ball, location: 2F 2-2: Foul Ball, location: 2F 2-2: Fielders Choice at 2nd, 1-6 (Groundball, 13S, EV 71.9 MPH)
|
|
Batting: RHB Tracy Cowger
|
0-0: Called Strike 0-1: Ball 1-1: Foul Ball, location: 2F 1-2: Grounds into double play, 6-4-3 (Groundball, 6, EV 86.9 MPH)
|
| Top of the 2nd over - 0 runs, 1 hit, 0 errors, 0 left on base; Indianapolis 0 - Denver 0 |
| BOTTOM OF THE 2ND |
|
Denver Bears batting - Pitching for Indianapolis Indians : RHP Ramon Beltran
|
|
Batting: SHB Mark Gilbert
|
0-0: Ball 1-0: Foul Ball, location: 2F 1-1: Foul Ball, location: 2F 1-2: SINGLE (Groundball, 34S, EV 73.8 MPH) (infield hit)
|
|
Batting: RHB Adolfo Feliz
|
0-0: Ball 1-0: Called Strike 1-1: Ball 2-1: Ball 3-1: Swinging Strike 3-2: Foul Ball, location: 2F 3-2: Fly out, F7 (Flyball, 7D, EV 98.8 MPH)
|
|
Batting: RHB Juan Alvarez
|
0-0: Ball 1-0: Ball 2-0: Swinging Strike 2-1: Grounds into double play, 2-6-3 (Groundball, 2R, EV 66.9 MPH)
|
| Bottom of the 2nd over - 0 runs, 1 hit, 0 errors, 0 left on base; Indianapolis 0 - Denver 0 |
| TOP OF THE 3RD |
|
Indianapolis Indians batting - Pitching for Denver Bears : RHP Alex Vasquez
|
|
Batting: RHB Steven Campbell
|
0-0: Called Strike 0-1: Swinging Strike 0-2: Ball 1-2: Strikes out swinging
|
|
Batting: LHB David Bertulli
|
0-0: Called Strike 0-1: Ground out U3 (Groundball, 3S, EV 66.9 MPH)
|
|
Batting: RHB Robert Bonnette
|
0-0: Swinging Strike 0-1: Swinging Strike 0-2: Ball 1-2: Ball 2-2: Ball 3-2: DOUBLE (Line Drive, 9LS, EV 90.6 MPH)
|
|
Batting: SHB Julio Estrada
|
0-0: DOUBLE (Line Drive, 89D, EV 106.3 MPH) Robert Bonnette scores
|
|
Batting: LHB Roberto Ruiz
|
0-0: SINGLE (Groundball, 4MS, EV 71.3 MPH) (infield hit) Julio Estrada to third
|
|
Batting: RHB Luis Gonzalez
|
0-0: Swinging Strike 0-1: Called Strike 0-2: Ball 1-2: Ground out 5-3 (Groundball, 56S, EV 86.9 MPH)
|
| Top of the 3rd over - 1 run, 3 hits, 0 errors, 2 left on base; Indianapolis 1 - Denver 0 |
| BOTTOM OF THE 3RD |
|
Denver Bears batting - Pitching for Indianapolis Indians : RHP Ramon Beltran
|
|
Batting: RHB Frank Lucy
|
0-0: Foul Ball, location: 2F 0-1: Ball 1-1: Called Strike 1-2: Strikes out swinging
|
|
Batting: RHB Gomez Barahona
|
0-0: Called Strike 0-1: Ball 1-1: Ground out 5-3 (Groundball, 56, EV 91.3 MPH)
|
|
Batting: LHB Dallas Williams
|
0-0: Ground out 5-3 (Groundball, 5, EV 104.4 MPH)
|
| Bottom of the 3rd over - 0 runs, 0 hits, 0 errors, 0 left on base; Indianapolis 1 - Denver 0 |
| TOP OF THE 4TH |
|
Indianapolis Indians batting - Pitching for Denver Bears : RHP Alex Vasquez
|
|
Batting: LHB Scott Radloff
|
0-0: Called Strike 0-1: Called Strike 0-2: Strikes out swinging
|
|
Batting: RHB Pat Rooney
|
0-0: Called Strike 0-1: Fly out, F9 (Flyball, 9, EV 89.4 MPH)
|
|
Batting: RHB Tracy Cowger
|
0-0: Called Strike 0-1: SINGLE (Line Drive, 89S, EV 103.8 MPH)
|
|
Batting: RHB Steven Campbell
|
0-0: Ground out 5-3 (Groundball, 5S, EV 85.0 MPH)
|
| Top of the 4th over - 0 runs, 1 hit, 0 errors, 1 left on base; Indianapolis 1 - Denver 0 |
| BOTTOM OF THE 4TH |
|
Denver Bears batting - Pitching for Indianapolis Indians : RHP Ramon Beltran
|
|
Batting: LHB Tom Beyers
|
0-0: Called Strike 0-1: Fly out, F4 (Line Drive, 4, EV 67.5 MPH)
|
|
Batting: RHB Kirby Puckett
|
0-0: Ball 1-0: Swinging Strike 1-1: DOUBLE (Line Drive, 9LM, EV 108.8 MPH)
|
|
Batting: LHB Danny Heep
|
0-0: Called Strike 0-1: Fly out, F8 (Flyball, 8RM, EV 89.4 MPH)
|
|
Batting: SHB Mark Gilbert
|
0-0: SINGLE (Groundball, 3D, EV 102.5 MPH) Kirby Puckett to third Runner from 3rd tries for Home, SAFE, throw by RF to home
|
|
Batting: RHB Adolfo Feliz
|
0-0: Ball 1-0: Ground out 1-3 (Groundball, 15, EV 71.9 MPH)
|
| Bottom of the 4th over - 1 run, 2 hits, 0 errors, 1 left on base; Indianapolis 1 - Denver 1 |
| TOP OF THE 5TH |
|
Indianapolis Indians batting - Pitching for Denver Bears : RHP Alex Vasquez
|
|
Batting: LHB David Bertulli
|
0-0: Ground out 6-3 (Groundball, 6MD, EV 103.1 MPH)
|
|
Batting: RHB Robert Bonnette
|
0-0: Called Strike 0-1: Ball 1-1: Fly out, F6 (Popup, 6D, EV 45.0 MPH)
|
|
Batting: SHB Julio Estrada
|
0-0: Ground out 6-3 (Groundball, 56D, EV 102.5 MPH)
|
| Top of the 5th over - 0 runs, 0 hits, 0 errors, 0 left on base; Indianapolis 1 - Denver 1 |
| BOTTOM OF THE 5TH |
|
Denver Bears batting - Pitching for Indianapolis Indians : RHP Ramon Beltran
|
|
Batting: RHB Juan Alvarez
|
0-0: Ball 1-0: Swinging Strike 1-1: Ground out 4-3 (Groundball, 4, EV 91.3 MPH)
|
|
Batting: RHB Frank Lucy
|
0-0: Fly out, F4 (Popup, 4M, EV 70.0 MPH)
|
|
Batting: RHB Gomez Barahona
|
0-0: Ball 1-0: Called Strike 1-1: Ball 2-1: SINGLE (Groundball, 6, EV 110.0 MPH)
|
|
Batting: LHB Dallas Williams
|
0-0: Ball 1-0: Fly out, F7 (Flyball, 7LM, EV 94.4 MPH)
|
| Bottom of the 5th over - 0 runs, 1 hit, 0 errors, 1 left on base; Indianapolis 1 - Denver 1 |
| TOP OF THE 6TH |
|
Indianapolis Indians batting - Pitching for Denver Bears : RHP Alex Vasquez
|
|
Batting: LHB Roberto Ruiz
|
0-0: Ball 1-0: Swinging Strike 1-1: Foul Ball, location: 2F 1-2: Ball 2-2: Foul Ball, location: 2F 2-2: Ball 3-2: SINGLE (Line Drive, 78M, EV 106.9 MPH)
|
|
Batting: RHB Luis Gonzalez
|
0-0: Called Strike Roberto Ruiz steals 2nd base 0-1: Foul Ball, location: 2F 0-2: Ball 1-2: Fly out, F9 (Flyball, 89M, EV 85.0 MPH)
|
|
Batting: LHB Scott Radloff
|
0-0: Intentional Walk
|
|
Batting: RHB Pat Rooney
|
0-0: Ball 1-0: Swinging Strike 1-1: Called Strike 1-2: Ball 2-2: Fly out, F4 (Popup, 34D, EV 49.4 MPH)
|
|
Batting: RHB Tracy Cowger
|
0-0: Ball 1-0: Called Strike 1-1: SINGLE (Flyball, 89S, EV 83.8 MPH) Roberto Ruiz to third Scott Radloff to second Runner from 3rd tries for Home, SAFE, throw by RF to home
|
|
Batting: RHB Steven Campbell
|
0-0: Swinging Strike 0-1: Ball 1-1: Fly out, F4 (Line Drive, 4, EV 62.5 MPH)
|
| Top of the 6th over - 1 run, 2 hits, 0 errors, 2 left on base; Indianapolis 2 - Denver 1 |
| BOTTOM OF THE 6TH |
|
Denver Bears batting - Pitching for Indianapolis Indians : RHP Ramon Beltran
|
|
Batting: LHB Tom Beyers
|
0-0: Ground out 6-3 (Groundball, 6, EV 109.4 MPH)
|
|
Batting: RHB Kirby Puckett
|
0-0: Called Strike 0-1: Foul Ball, location: 2F 0-2: Foul Ball, location: 2F 0-2: Ball 1-2: Fly out, F9 (Flyball, 89M, EV 94.4 MPH)
|
|
Batting: LHB Danny Heep
|
0-0: Ball 1-0: Foul Ball, location: 2F 1-1: Ball 2-1: Ball 3-1: Foul Ball, location: 2F 3-2: Base on Balls
|
|
Batting: SHB Mark Gilbert
|
0-0: Called Strike 0-1: Ball 1-1: Foul Ball, location: 2F 1-2: Fly out, F9 (Line Drive, 9, EV 93.8 MPH)
|
| Bottom of the 6th over - 0 runs, 0 hits, 0 errors, 1 left on base; Indianapolis 2 - Denver 1 |
| TOP OF THE 7TH |
|
Indianapolis Indians batting - Pitching for Denver Bears : RHP Alex Vasquez
|
|
Batting: LHB David Bertulli
|
0-0: Ground out 4-3 (Groundball, 4D, EV 98.8 MPH)
|
|
Batting: RHB Robert Bonnette
|
0-0: Called Strike 0-1: Called Strike 0-2: Fly out, F7 (Flyball, 78M, EV 93.1 MPH)
|
|
Batting: SHB Julio Estrada
|
0-0: Ball 1-0: Ball 2-0: Ball 3-0: Called Strike 3-1: Called Strike 3-2: Ground out 4-3 (Groundball, 4, EV 84.4 MPH)
|
| Top of the 7th over - 0 runs, 0 hits, 0 errors, 0 left on base; Indianapolis 2 - Denver 1 |
| BOTTOM OF THE 7TH |
|
Denver Bears batting - Pitching for Indianapolis Indians : RHP Ramon Beltran
|
|
Batting: RHB Adolfo Feliz
|
0-0: Ball 1-0: Ball 2-0: Ground out 4-3 (Groundball, 4, EV 106.3 MPH)
|
|
Batting: RHB Juan Alvarez
|
0-0: Called Strike 0-1: Fly out, F9 (Flyball, 9D, EV 84.4 MPH)
|
|
Batting: RHB Frank Lucy
|
0-0: Foul Ball, location: 2F 0-1: Ball 1-1: Foul Ball, location: 2F 1-2: Strikes out swinging, 2-3 out at first.
|
| Bottom of the 7th over - 0 runs, 0 hits, 0 errors, 0 left on base; Indianapolis 2 - Denver 1 |
| TOP OF THE 8TH |
|
Indianapolis Indians batting - Pitching for Denver Bears : RHP Alex Vasquez
|
|
Batting: LHB Roberto Ruiz
|
0-0: Called Strike 0-1: Foul Ball, location: 2F 0-2: Ball 1-2: Fly out, F2 (Popup, 2L, EV 86.3 MPH)
|
|
Batting: RHB Luis Gonzalez
|
0-0: Called Strike 0-1: Ball 1-1: Ball 2-1: Ball 3-1: Base on Balls
|
|
Batting: LHB Scott Radloff
|
0-0: Ball 1-0: Ball 2-0: Ball 3-0: Called Strike 3-1: Base on Balls Luis Gonzalez to second
|
|
Batting: RHB Pat Rooney
|
0-0: Called Strike 0-1: Ball 1-1: SINGLE (Line Drive, 89S, EV 91.9 MPH) Luis Gonzalez to third Scott Radloff to second Runner from 3rd tries for Home, SAFE, throw by CF to home
|
|
Batting: RHB Tracy Cowger
|
0-0: Ball 1-0: Called Strike 1-1: Grounds into double play, 6-4-3 (Groundball, 6, EV 81.9 MPH)
|
| Top of the 8th over - 1 run, 1 hit, 0 errors, 1 left on base; Indianapolis 3 - Denver 1 |
| BOTTOM OF THE 8TH |
|
Denver Bears batting - Pitching for Indianapolis Indians : RHP Ramon Beltran
|
|
Batting: RHB Gomez Barahona
|
0-0: Swinging Strike 0-1: Called Strike 0-2: Strikes out swinging
|
|
Batting: LHB Dallas Williams
|
0-0: Fly out, F4 (Line Drive, 34D, EV 86.9 MPH)
|
|
Batting: LHB Tom Beyers
|
0-0: Ball 1-0: Swinging Strike 1-1: Fly out, F7 (Line Drive, 7, EV 105.0 MPH)
|
| Bottom of the 8th over - 0 runs, 0 hits, 0 errors, 0 left on base; Indianapolis 3 - Denver 1 |
| TOP OF THE 9TH |
|
Indianapolis Indians batting - Pitching for Denver Bears : RHP Alex Vasquez
|
|
Pitching: LHP Jesse Orosco
|
|
|
Batting: RHB Steven Campbell
|
0-0: Ground out 4-3 (Groundball, 4M, EV 89.4 MPH)
|
|
Batting: LHB David Bertulli
|
0-0: Foul Ball, location: 2F 0-1: Ball 1-1: Foul Ball, location: 2F 1-2: Fly out, F8 (Flyball, 8RD, EV 90.6 MPH)
|
|
Batting: RHB Robert Bonnette
|
0-0: Ball 1-0: Called Strike 1-1: Ball 2-1: Ball 3-1: Base on Balls
|
|
Batting: SHB Julio Estrada
|
0-0: Called Strike 0-1: Ball 1-1: Ball 2-1: Ball 3-1: Called Strike 3-2: Ground out 4-3 (Groundball, 4M, EV 86.9 MPH)
|
| Top of the 9th over - 0 runs, 0 hits, 0 errors, 1 left on base; Indianapolis 3 - Denver 1 |
| BOTTOM OF THE 9TH |
|
Denver Bears batting - Pitching for Indianapolis Indians : RHP Ramon Beltran
|
|
Pitching: LHP Lee Guetterman
|
|
|
Batting: RHB Kirby Puckett
|
0-0: Fly out, F9 (Flyball, 9D, EV 80.0 MPH)
|
|
Batting: LHB Danny Heep
|
0-0: Ball 1-0: Swinging Strike 1-1: Called Strike 1-2: Ground out U3 (Groundball, 3S, EV 83.1 MPH)
|
|
Batting: SHB Mark Gilbert
|
0-0: Ball 1-0: Ground out 6-3 (Groundball, 6, EV 84.4 MPH)
|
| Bottom of the 9th over - 0 runs, 0 hits, 0 errors, 0 left on base; Indianapolis 3 - Denver 1 |
|